AoeStats
← Randlord

Highland

504127487Analyzed
3v3 RM · 27d ago on Sep 4, 2026· 88m 15s· 6 players
Game mode
Random Map
Map size
Normal (6 player)
Population
200
Speed
Normal
Resources
Standard
Victory
Conquest
Starting age
Dark Age
Ending age
Imperial Age
RankedLock teamsTeams togetherTeam positionsShared explorationLock speedFull tech treeHidden civsTurbo modeCheats
Victory
Defeat
🇨🇱 Spanish · Chile
840
+13
🇧🇷 Wu · Brazil
779
+15
🇹🇷 Franks · Türkiye
727
+18
🇺🇸 Franks · United States
772
-16
🇺🇸 Spanish · United States
762
-15
🇺🇸 Maya · United States
759
-15
Tony el Tigre
0:29 Loom
13:38 Feudal Age
14:11 Horse Collar
14:21 Double-Bit Axe
17:02 Wheelbarrow
21:17 Castle Age
19:19 Stone Mining
19:24 Gold Mining
23:20 Bow Saw
26:53 Heavy Plow
27:12 Hand Cart
30:13 Stone Shaft Mining
33:59 Guard Tower
34:54 Ballistics
37:36 Imperial Age
36:16 Husbandry
37:12 Bloodlines
37:57 Scale Barding Armor
38:03 Forging
37:31 Elite Skirmisher
38:08 Capped Ram
39:13 Cavalier
41:36 Chemistry
41:10 Padded Archer Armor
42:05 Caravan
44:01 Two-Man Saw
43:25 Conscription
42:31 Paladin
55:27 Chain Barding Armor
55:43 Iron Casting
56:17 Fletching
56:43 Leather Archer Armor
57:33 Plate Barding Armor
59:38 Blast Furnace
58:33 Bodkin Arrow
61:18 Scale Mail Armor
61:48 Ring Archer Armor
62:12 Pikeman
62:42 Halberdier
81:43 Chain Mail Armor
81:29 Bracer
87:17 Plate Mail Armor
Randlord
7:43 Loom
12:53 Feudal Age
15:35 Wheelbarrow
14:51 Double-Bit Axe
18:33 Stone Mining
18:38 Gold Mining
22:28 Castle Age
24:16 Hand Cart
24:13 Bow Saw
33:09 Imperial Age
31:53 Husbandry
31:30 Pikeman
32:11 Squires
31:57 Arson
36:05 Cavalier
37:45 Forging
37:42 Scale Barding Armor
37:38 Scale Mail Armor
39:17 Cavalier
40:49 Paladin
42:29 Halberdier
44:20 Town Watch
45:38 Caravan
45:40 Paladin
56:42 Iron Casting
65:29 Chain Barding Armor
66:11 Blast Furnace
66:30 Chain Mail Armor
66:50 Plate Barding Armor
72:14 Conscription
72:54 Plate Mail Armor
OneO'ThemRangers
8:54 Loom
15:27 Feudal Age
19:38 Castle Age
17:52 Horse Collar
18:01 Double-Bit Axe
22:02 Bow Saw
22:31 Wheelbarrow
29:48 Hand Cart
29:53 Caravan
36:10 Imperial Age
34:51 Arson
35:47 Eagle Warrior
36:38 Scale Mail Armor
36:49 Forging
36:38 Gold Mining
38:25 Elite Eagle Warrior
39:23 Chain Mail Armor
39:44 Iron Casting
39:00 Fletching
39:11 Padded Archer Armor
39:33 Elite Skirmisher
40:19 Thumb Ring
40:40 Conscription
40:25 Hul'che Javelineers
40:56 Holcans
40:45 Elite Plumed Archer
42:51 Chemistry
42:12 Ballistics
43:13 Bodkin Arrow
43:34 Leather Archer Armor
43:03 Pikeman
43:58 Bracer
46:10 Ring Archer Armor
47:20 Plate Mail Armor
47:52 Blast Furnace
48:08 Halberdier
61:48 Two-Man Saw
64:26 Hoardings
78:03 Squires
77:50 Arson
81:09 Town Watch
Legolas
4:20 Loom
11:50 Feudal Age
14:25 Town Watch
22:36 Castle Age
21:37 Gold Mining
21:39 Stone Mining
21:36 Double-Bit Axe
23:20 Forging
23:18 Scale Barding Armor
23:14 Padded Archer Armor
27:42 Wheelbarrow
27:08 Town Patrol
30:11 Bow Saw
30:25 Caravan
30:55 Hand Cart
31:32 Coinage
35:03 Gold Shaft Mining
38:10 Imperial Age
36:51 Fortified Wall
37:02 Ballistics
36:34 Guard Tower
36:56 Masonry
36:42 Murder Holes
37:07 Leather Archer Armor
36:42 Fletching
39:13 Conscription
39:00 Chivalry
39:41 Iron Casting
39:30 Chain Barding Armor
39:01 Fletching
39:12 Scale Mail Armor
40:01 #83
39:12 Cavalier
39:58 Husbandry
40:03 Elite Throwing Axeman
41:30 Banking
41:49 Hoardings
40:39 Light Cavalry
42:03 Paladin
42:50 Squires
42:36 Gambesons
45:56 Chemistry
45:27 Architecture
45:04 Siege Engineers
44:45 Arrowslits
48:13 Pikeman
48:39 Arson
48:15 Man-at-Arms
50:07 Blast Furnace
49:44 Plate Barding Armor
Necropulpectomía
0:28 Loom
11:26 Feudal Age
12:52 Wheelbarrow
11:59 Horse Collar
12:06 Double-Bit Axe
17:51 Castle Age
19:49 Hand Cart
20:16 Bow Saw
25:58 Heavy Plow
31:02 Imperial Age
29:33 Fortified Wall
29:45 Ballistics
29:22 Fletching
29:49 Caravan
32:37 Shipwright
33:20 Chemistry
32:42 Shipwright
32:38 Clinker Construction
32:41 Careening
32:42 Masonry
32:41 Bodkin Arrow
33:34 Elite Cannon Galleon
35:24 Bombard Tower
37:05 Two-Man Saw
35:59 Stone Mining
35:59 Gold Mining
40:07 Coinage
40:01 Guilds
40:01 Bracer
40:02 Padded Archer Armor
40:08 Scale Barding Armor
40:14 Forging
39:52 Town Watch
40:47 Stone Shaft Mining
40:51 Architecture
40:45 Dry Dock
40:47 Carvel Hull
40:27 Murder Holes
42:28 Chain Barding Armor
42:32 Conscription
42:57 Hoardings
42:47 Arrowslits
44:53 Banking
47:29 Husbandry
47:40 Bloodlines
46:52 Cavalier
47:41 Husbandry
47:51 Bloodlines
47:49 Husbandry
47:59 Bloodlines
48:08 Paladin
49:48 Paladin
52:43 Plate Barding Armor
52:44 Iron Casting
57:59 Blast Furnace
56:28 Light Cavalry
57:20 Hussar
59:24 Town Patrol
59:29 Scale Mail Armor
59:44 Leather Archer Armor
61:35 Supremacy
66:58 Spies/Treason
77:13 Chain Mail Armor
77:28 Ring Archer Armor
Sérgio Lins
0:31 Loom
14:14 Feudal Age
14:56 Double-Bit Axe
16:05 Wheelbarrow
16:13 Fishing Lines
17:59 Arson
17:34 Man-at-Arms
19:01 Horse Collar
19:15 Town Watch
24:03 Gold Mining
25:28 Stone Mining
28:16 Castle Age
26:52 Fletching
28:44 Forging
30:04 Caravan
34:20 Squires
33:46 Pikeman
36:40 Murder Holes
41:15 Imperial Age
39:04 Hand Cart
42:00 Bodkin Arrow
43:09 Chemistry
41:47 Halberdier
42:41 Heavy Plow
42:45 Bracer
42:49 Town Patrol
44:05 Gillnets
50:50 Elite Skirmisher
52:34 Iron Casting
52:00 Scale Mail Armor
52:00 Padded Archer Armor
52:05 Scale Barding Armor
58:28 Husbandry
57:49 Heavy Hei Guang Cavalry
58:47 Bloodlines
57:58 Light Cavalry
59:59 Conscription
59:43 Sitting Tiger
59:06 Elite Fire Archer
62:01 Chain Barding Armor
61:58 Chain Mail Armor
61:59 Leather Archer Armor
71:14 Bow Saw
71:38 Ballistics
71:29 Siphons
71:05 Treadmill Crane
71:36 Clinker Construction
71:19 Heated Shot
71:41 Masonry
71:21 Guard Tower
74:13 Blast Furnace
73:44 Plate Mail Armor
73:17 Red Cliffs Tactics
80:06 Plate Barding Armor
Connection lost

Rejoining the realm…

Still unreachable

The connection could not be restored.

Session expired

The server has moved on; the page needs a fresh start.